 Dungeon Crawl Stone Soup version 0.32-a0-558-g233958a4c4 (webtiles) character file.

Game seed: 4354796769190037925

60 Dirtsage the Shooter (level 3, 0/27 HPs)
             Began as a Demonspawn Hunter on Mar 1, 2024.
             Succumbed to an adder's poison
             ... on level 2 of the Dungeon.
             The game lasted 00:02:46 (1142 turns).

Dirtsage the Shooter (Demonspawn Hunter)            Turns: 1142, Time: 00:02:47

Health: 0/27       AC:  5    Str: 13    XL:     3   Next: 80%
Magic:  3/3        EV: 11    Int: 11    God:
Gold:   84         SH:  0    Dex: 16    Spells: 2/2 levels left

rFire   . . .        a - +0 shortbow
rCold   . . .        (shield currently unavailable)
rNeg    . . .        g - +0 ring mail
rPois   .            (no helmet)
rElec   .            (no cloak)
rCorr   .            (no gloves)
SInv    .            (no boots)
Will    .....        (no amulet)
Stlth   +            (no ring)
HPRegen 0.24/turn    (no ring)
MPRegen 0.08/turn

%: no passive effects
@: lethally poisoned (0 -> -3)
A: big brain 1
a: no special abilities


You were on level 2 of the Dungeon.
You visited 1 branch of the dungeon, and saw 2 of its levels.

You collected 84 gold pieces.

Inventory:

Hand Weapons
 a - a +0 shortbow (weapon)
 i - a +0 sling
Armour
 c - a +0 leather armour
 g - a +0 ring mail (worn)
Magical Staves
 n - a staff of air
Jewellery
 d - an amulet of magic regeneration
Scrolls
 b - a scroll of butterflies
 h - a scroll of identify {unknown}
 j - 3 scrolls of fog {unknown}
 m - a scroll of enchant armour {unknown}
Potions
 e - a potion of enlightenment {unknown}
 f - a potion of haste {unknown}
 k - a potion of degeneration {unknown}
 l - a potion of berserk rage {unknown}


   Skills:
 - Level 2.0 Fighting
 * Level 5.0 Ranged Weapons
 - Level 1.7 Dodging
 - Level 0.8 Stealth


You had 2 spell levels left.
You didn't know any spells.
Your spell library contained the following spells:

 Spells                   Type           Power      Damage    Failure   Level
 Lesser Beckoning         Tloc           0%         N/A       75%         2
 Gell's Gravitas          Tloc           0%         N/A       93%         3
 Teleport Other           Tloc           0%         N/A       93%         3


Dungeon Overview and Level Annotations

Branches:
Dungeon (2/15)

Altars:


Innate Abilities, Weirdness & Mutations

You have an unusually large brain. (Int +2)


Message History

You shoot an arrow. The arrow misses the adder.
You feel sick. The adder barely misses you. x2
You take 1 damage, and have 16/27 hp.
You shoot an arrow. The arrow misses the adder.
You feel sick. The adder bites you but does no damage.
You take 2 damage, and have 14/27 hp.
You shoot an arrow. The arrow barely misses the adder.
You feel sick. The adder closely misses you. The adder barely misses you.
You take 2 damage, and have 12/27 hp.
You shoot an arrow. The arrow barely misses the adder.
You feel sick. The adder bites you. The adder closely misses you.
You take 1 damage, and have 11/27 hp.
You shoot an arrow. The arrow closely misses the adder.
You feel sick. The adder misses you.
You take 1 damage, and have 10/27 hp.
You shoot an arrow. The arrow closely misses the adder.
You feel sick.
You are no longer poisoned.
The adder bites you but does no damage. The adder barely misses you.
You take 1 damage, and have 9/27 hp.
You shoot an arrow. The arrow hits the adder.
The adder is heavily wounded.
The adder bites you.
* * * LOW HITPOINT WARNING * * *
The adder bites you.
* * * LOW HITPOINT WARNING * * *
You are lethally poisoned!
The adder poisons you!
You take 5 damage, and have 4/27 hp.
You shoot an arrow. The arrow closely misses the adder.
* * * LOW HITPOINT WARNING * * *
You feel sick. The adder bites you but does no damage.
You take 1 damage, and have 3/27 hp.
You shoot an arrow. The arrow closely misses the adder.
* * * LOW HITPOINT WARNING * * *
You feel sick. The adder bites you but does no damage.
The adder closely misses you.
You take 2 damage, and have 1/27 hp.
You shoot an arrow. The arrow hits the adder.
You kill the adder!
You die...

............. #..# #.##
...#........ #..# #.# ########
#......... #..###.# .......#
#...... #....#.#
.......#####..############.#.#.#
.......#...................#.#
.......#.#####.............#.#
.......#.# #...#########.#..
.......#.# #..@# #.#...
#####÷##.#####.......... #.#...
..÷........>.....#...... #.#...
..÷....#.#####.###...... #.#..
.#####.........# #.######.#.# .#
#.........# #....(.#.#.# .#
#.........#########...#.### .#
#.........#.......###.....# .#
#######...........# #.#.#.#


There were no monsters in sight!

Vanquished Creatures
  2 adders (D:2)
  4 dart slugs
  A ribbon worm (D:2)
  3 orcs (D:2)
  5 endoplasms
  2 giant cockroaches (D:1)
  3 goblins (D:1)
  3 hobgoblins (D:1)
  A quokka (D:1)
  4 ball pythons
  3 bats
  4 frilled lizards
  2 kobolds (D:1)
37 creatures vanquished.

Notes
Turn   | Place    | Note
-------+----------+-------------------------------------------
     0 | D:1      | Dirtsage the Demonspawn Hunter began the quest for the Orb.
     0 | D:1      | Reached XP level 1. HP: 16/16 MP: 1/1
    26 | D:1      | Reached skill level 4 in Ranged Weapons
    27 | D:1      | Gained mutation: You have an unusually large brain. (Int
                  | +2) [demonic ancestry]
    27 | D:1      | Reached XP level 2. HP: 22/22 MP: 2/2
   329 | D:1      | Reached XP level 3. HP: 27/27 MP: 3/3
   712 | D:2      | Reached skill level 5 in Ranged Weapons
  1141 | D:2      | HP: 1/27 [poisoned by an adder]
  1142 | D:2      | Succumbed to an adder's poison

Illustrated notes

Levels and vault maps discovered:
D:1:      sevenhm_arrival_forest_fort_small_6, layout_rooms
D:2:      layout_basic

Skill      XL: |  1  2  3 |
---------------+----------+-----
Ranged Weapons | 4 5 |  5.0
Fighting       | |  2.0
Dodging        | |  1.7
Stealth        | |  0.8

Action                     || total
---------------------------++-------
   Fire: Shortbow          ||   117
 Armour: Leather armour    ||     1
         Ring mail         ||    23
  Dodge: Dodged            ||    32

Table legend: (Time is in decaauts)
 A = Elapsed time spent in this place.
 B = Non-inter-level travel time spent in this place.
 C = Inter-level travel time spent in this place.
 D = Time resting spent in this place.
 E = Time spent auto-exploring this place.
 F = Levels seen in this place.
 G = Mean time per level.
                   A        B        C        D        E       F      G
               +--------+--------+--------+--------+--------+-----+--------+
         Total |   1174 |   1131 |     43 |      0 |    921 |   2 |  587.0 |
       Dungeon |   1174 |   1131 |     43 |      0 |    921 |   2 |  587.0 |
               +--------+--------+--------+--------+--------+-----+--------+

Top non-repeatable levels by time:
     D:2: 716 daAuts
     D:1: 458 daAuts
